 Dungeon Crawl Stone Soup version 0.29.1-12-g30fa7ad0bf (webtiles) character file.

Game seed: 10665875101739424639

1208 wingedge the Fighter (level 8, -10/74 HPs)
             Began as a Hill Orc Fighter on Jan 1, 2023.
             Was a Follower of Qazlal.
             Killed from afar by a gargoyle (19 damage)
             ... with a stone arrow
             ... on level 6 of the Dungeon.
             The game lasted 00:13:26 (5877 turns).

wingedge the Fighter (Hill Orc Fighter)             Turns: 5877, Time: 00:13:27

Health: -10/74     AC: 10    Str: 21    XL:     8   Next: 45%
Magic:  11/11      EV:  9    Int: 11    God:    Qazlal [*.....]
Gold:   280        SH:  6    Dex: 10    Spells: 7/7 levels left

rFire   . . .      SeeInvis +   a - +0 war axe
rCold   . . .      Faith    .   c - +0 buckler
rNeg    + . .      Spirit   .   b - +0 scale mail
rPois   +          Reflect  .   I - +2 helmet {Int+3}
rElec   .          Harm     .   (no cloak)
rCorr   .          Rampage  .   (no gloves)
Will    .....                   (no boots)
Stlth   ..........              G - amulet of regeneration
HPRegen 1.02/turn               e - ring of positive energy
MPRegen 0.12/turn               L - ring of Oson {rPois SInv}

@: mighty
A: no striking features
a: Renounce Religion


You were on level 6 of the Dungeon.
You worshipped Qazlal.
Qazlal was aware of your devotion.
You visited 2 branches of the dungeon, and saw 7 of its levels.

You collected 280 gold pieces.

Inventory:

Hand Weapons
 a - a +0 war axe (weapon)
 q - a +1 dagger of venom
 B - a +2 quarterstaff of holy wrath
 H - a +2 hand axe of venom
Missiles
 o - 9 poisoned darts
 E - 2 boomerangs (quivered)
Armour
 b - a +0 scale mail (worn)
 c - a +0 buckler (worn)
 m - a +0 helmet
 I - a +2 helmet of intelligence (worn)
 K - a scarf of shadows
Magical Staves
 v - a staff of air
Jewellery
 e - a ring of positive energy (left hand)
 r - an amulet of guardian spirit
 G - an amulet of regeneration (around neck)
 J - an amulet of magic regeneration
 L - the ring of Oson (right hand) {rPois SInv}
   (You took it off an orc on level 6 of the Dungeon)

   [ring of see invisible]

   rPois:     It protects you from poison.
   SInv:      It lets you see invisible.
Wands
 l - a wand of paralysis (5)
 w - a wand of roots (8)
Scrolls
 f - 2 scrolls of poison
 h - 2 scrolls of fog {unknown}
 n - 2 scrolls of torment {unknown}
 p - 3 scrolls of teleportation
 t - 3 scrolls of enchant armour {unknown}
 x - 2 scrolls of fear
 y - 4 scrolls of identify {unknown}
 C - a scroll of vulnerability {unknown}
 M - a scroll of noise {unknown}
 N - a scroll of enchant weapon {unknown}
Potions
 d - 2 potions of might
 g - a potion of heal wounds {unknown}
 i - 3 potions of flight {unknown}
 j - a potion of brilliance {unknown}
 k - a potion of attraction {unknown}
 s - a potion of berserk rage {unknown}
 u - 4 potions of curing {unknown}
 z - a potion of cancellation {unknown}
 A - a potion of haste
 D - a potion of resistance {unknown}
 F - 3 potions of mutation {unknown}


   Skills:
 - Level 8.0 Fighting
 - Level 6.0 Axes
 - Level 2.0 Throwing
 + Level 5.6 Armour
 - Level 3.2 Shields
 - Level 5.0 Invocations
 - Level 2.0 Evocations


You had 7 spell levels left.
You didn't know any spells.
Your spell library contained the following spells:

 Spells                   Type           Power      Damage    Failure   Level
 Necrotise                Necr           0%         1d4       75%         1
 Sandblast                Erth           0%         2d4       75%         1
 Blink                    Tloc           0%         N/A       87%         2
 Passwall                 Tmut/Erth      0%         N/A       87%         2
 Stone Arrow              Conj/Erth      0%         3d7       98%         3
 Vampiric Draining        Necr           0%         2d6       98%         3
 Agony                    Necr           0%         N/A       100%        5
 Manifold Assault         Tloc           0%         N/A       100%        5
 Storm Form               Tmut/Air       0%         N/A       100%        7


Dungeon Overview and Level Annotations

Branches:
Dungeon (6/15)             Temple (1/1) D:4

Altars:
Ashenzari
Cheibriados
Dithmenos
Elyvilon
Fedhas
Hepliaklqana
Makhleb
Nemelex Xobeh
Okawaru
Qazlal
Sif Muna
Trog
Uskayaw
Vehumet
Wu Jian
Xom
Yredelemnul
Zin
The Shining One

Shops:
D:2 [


Message History

The gargoyle hits you but does no damage.
You hit the gargoyle but do no damage.
The gargoyle hurls a stone arrow at you.
The stone arrow hits you!
You barely miss the gargoyle. The gargoyle barely misses you.
The gargoyle misses you.
You slash the gargoyle!
The gargoyle is moderately damaged.
The gargoyle hits you with a +1 flail of protection.
You hit the gargoyle but do no damage.
The gargoyle is moderately damaged.
The gargoyle hurls a stone arrow at you.
The stone arrow hits you!
You hit the gargoyle but do no damage.
The gargoyle is moderately damaged.
The gargoyle closely misses you.
You hit the gargoyle but do no damage.
The gargoyle is moderately damaged.
The gargoyle hits you but does no damage.
The gargoyle hurls a stone arrow at you.
The stone arrow hits you!
You feel very mighty all of a sudden.
The gargoyle hits you with a +1 flail of protection!
You hit the gargoyle but do no damage.
The gargoyle is moderately damaged.
The gargoyle misses you.
You slash the gargoyle!
The gargoyle is severely damaged.
The gargoyle hits you with a +1 flail of protection!
* * * LOW HITPOINT WARNING * * *
You hit the gargoyle.
The gargoyle is severely damaged.
The gargoyle hurls a stone arrow at you.
The stone arrow hits you!
* * * LOW HITPOINT WARNING * * *
You hit the gargoyle but do no damage.
The gargoyle is severely damaged.
The gargoyle hurls a stone arrow at you.
The stone arrow hits you!!
You die...

#.#..# #.#.##
############# #.....
#...........# ###.#.
#.##.#.#.##..# ##.#.
#.#######.# ##....
######.##.#.#.## #...(.
#......###.#.## ##....
#.####.##@#### #..#.
#>#....###9# #.##.
#.#.#..## .# #.###
#.#.#...# .. ### #....
#......##
########.#######
###.#### .......#
###.#### ##.#.#.##
#......########.......#
#.#...................#


You could see a gargoyle.

Vanquished Creatures
  A wyvern (D:5)
  A black bear (D:6)
  A phantom (D:6)
  Blork the orc (D:5)
  A bullfrog (D:6)
  3 scorpions
  3 jellies
  A crimson imp (D:5)
  3 hounds
  Jessica (D:2)
  3 iguanas
  An orc wizard (D:5)
  Ijyb (D:3)
  3 gnolls (D:4)
  9 adders
  3 white imps
  2 worms
  2 dart slugs (D:4)
  8 orcs
  4 ball pythons
  9 bats
  6 endoplasms
  4 giant cockroaches
  8 goblins
  5 hobgoblins
  4 quokkas
  2 frilled lizards
  8 kobolds
  8 rats
106 creatures vanquished.

Vanquished Creatures (others)
  A fungus (D:1)
  7 plants
8 creatures vanquished.

Grand Total: 114 creatures vanquished

Notes
Turn   | Place    | Note
-------+----------+-------------------------------------------
     0 | D:1      | wingedge the Hill Orc Fighter began the quest for the Orb.
     0 | D:1      | Reached XP level 1. HP: 19/19 MP: 1/1
    32 | D:1      | Reached skill level 4 in Fighting
    65 | D:1      | Reached XP level 2. HP: 25/27 MP: 2/2
   496 | D:1      | Found a faded altar of an unknown god.
   697 | D:1      | Reached XP level 3. HP: 35/35 MP: 3/3
   864 | D:2      | Found Pineonol's Armour Shop.
  1026 | D:2      | Reached skill level 5 in Fighting
  1143 | D:2      | Noticed Jessica
  1152 | D:2      | Killed Jessica
  1153 | D:2      | Reached XP level 4. HP: 35/42 MP: 4/4
  1203 | D:2      | Found a hide-covered altar of Uskayaw.
  1943 | D:3      | Noticed Ijyb
  1950 | D:3      | Killed Ijyb
  1971 | D:3      | Reached skill level 1 in Evocations
  2104 | D:3      | Reached XP level 5. HP: 44/48 MP: 3/5
  2786 | D:4      | Reached skill level 1 in Throwing
  2911 | D:4      | Reached XP level 6. HP: 54/56 MP: 6/6
  2940 | D:4      | Reached skill level 5 in Axes
  3001 | D:4      | Found a staircase to the Ecumenical Temple.
  3011 | Temple   | Entered the Ecumenical Temple
  3292 | Temple   | Became a worshipper of Qazlal Stormbringer
  3592 | D:4      | Reached skill level 1 in Invocations
  4209 | D:5      | Entered Level 5 of the Dungeon
  4622 | D:5      | Noticed Blork the orc
  4636 | D:5      | Killed Blork the orc
  4637 | D:5      | Reached skill level 6 in Fighting
  4637 | D:5      | Reached XP level 7. HP: 40/63 MP: 5/9
  4935 | D:5      | Noticed a wyvern
  4941 | D:5      | Killed a wyvern
  4978 | D:5      | Found a white marble altar of Elyvilon.
  4981 | D:5      | Found a bloodstained altar of Trog.
  4982 | D:5      | Found a hazy altar of Hepliaklqana.
  4987 | D:5      | Found an iron altar of Okawaru.
  5234 | D:5      | Reached skill level 7 in Fighting
  5237 | D:5      | Reached skill level 5 in Invocations
  5271 | D:5      | Found a burning altar of Makhleb.
  5375 | D:6      | Reached XP level 8. HP: 61/73 MP: 11/11
  5513 | D:6      | Reached skill level 8 in Fighting
  5651 | D:6      | Reached * piety under Qazlal
  5652 | D:6      | Reached skill level 5 in Armour
  5686 | D:6      | Identified the ring of Oson {rPois SInv}
  5863 | D:6      | Noticed a gargoyle
  5877 | D:6      | Killed from afar by a gargoyle

Illustrated notes

Levels and vault maps discovered:
D:1:      minmay_arrival_plants_in_alcoves, layout_rooms,
          shapermc_ecumenical_altar_mp_urbaneastern,
          corexii_item_surrounded_by_moat, minmay_misc_feat_more_columns,
          minmay_heptomino_l4
D:2:      layout_loops_ring, serial_forest, infiniplex_forest_lined_room_2,
          infiniplex_forest_lined_2, infiniplex_forest_straight_4,
          infiniplex_forest_straight_2, infiniplex_forest_end_2,
          infiniplex_forest_zigzag_1, infiniplex_forest_lined_room_2,
          infiniplex_forest_clump_C, infiniplex_forest_clump_double,
          infiniplex_forest_corner_1, basic_altar, serial_shops, shop, hex_tiny,
          uniq_jessica
D:3:      layout_basic, uniq_ijyb
D:4:      layout_gridville, minmay_temple_entry_junction
D:5:      layout_basic, minitemple, makhleb_grotto_becter, uniq_blork_the_orc
D:6:      layout_loops_cross, tgw_kikubaaqudgha, minmay_small_thing
Temple:   minmay_temple_curvy_branch

Skill      XL: |  1  2  3  4  5  6  7  8 |
---------------+-------------------------+-----
Axes           | 3 4 5 6 |  6.0
Fighting       | 4 5 6 7 8 |  8.0
Armour         | 4 5 |  5.6
Evocations     | 1 2 |  2.0
Throwing       | 2 |  2.0
Invocations    | 3 5 |  5.0
Shields        | |  3.2

Action                   |  1- 3 |  4- 6 |  7- 9 || total
-------------------------+-------+-------+-------++-------
Melee: War axe           |    93 |   150 |    96 ||   339
Throw: Dart              |     1 |     8 |       ||     9
       Boomerang         |       |       |    16 ||    16
Evoke: Wand              |     1 |     7 |     1 ||     9
  Use: Scroll            |       |     3 |       ||     3
       Potion            |       |       |     1 ||     1
 Stab: Paralysed         |     2 |     4 |       ||     6
Armor: Scale mail        |    60 |    74 |    45 ||   179
Dodge: Dodged            |    47 |    64 |    37 ||   148
Block: Buckler           |    17 |    24 |    23 ||    64
